 Dungeon Crawl Stone Soup version 0.32-a0-986-ga09f62fbf4 (webtiles) character file.

Game seed: 3408526377663089294

13609 DasBelly the Severer (level 11, -3/99 HPs)
             Began as a Minotaur Fighter on Apr 21, 2024.
             Was an Elder of Qazlal.
             Slain by Jorgrun
             ... wielding a +0 heavy quarterstaff
              (24 damage)
             ... on level 2 of the Orcish Mines.
             The game lasted 00:21:05 (8143 turns).

DasBelly the Severer (Minotaur Fighter)             Turns: 8143, Time: 00:21:05

Health: -3/99      AC: 18    Str: 24    XL:     11   Next: 77%
Magic:  16/16      EV:  6    Int:  5    God:    Qazlal [****..]
Gold:   414        SH:  9    Dex: 11    Spells: 10/10 levels left

rFire   . . .        A - +1 war axe
rCold   . . .        c - +0 buckler
rNeg    + . .        M - +3 plate armour {rPois}
rPois   +            (helmet restricted)
rElec   .            (no cloak)
rCorr   .            n - +0 pair of gloves
SInv    .            (no boots)
Will    +....        r - amulet of regeneration Stlth
                     v - ring of willpower
HPRegen 1.16/turn    s - ring of positive energy
MPRegen 0.15/turn

%: repel missiles
@: no status effects
A: horns 2, retaliatory headbutt
a: Renounce Religion, Upheaval, Elemental Force


You were on level 2 of the Orcish Mines.
You worshipped Qazlal.
Qazlal was greatly pleased with you.
You visited 3 branches of the dungeon, and saw 13 of its levels.

You collected 960 gold pieces.
You spent 546 gold pieces at shops.

Inventory:

Hand Weapons
 a - a +0 war axe
 A - a +1 war axe (weapon)
 B - a +0 heavy hand axe
Missiles
 y - a throwing net (quivered)
Armour
 c - a +0 buckler (worn)
 n - a +0 pair of gloves (worn)
 M - a +3 plate armour of poison resistance (worn)
Jewellery
 i - a ring of wizardry
 r - an amulet of regeneration (around neck)
 s - a ring of positive energy (right hand)
 v - a ring of willpower (left hand)
 I - a ring of protection from fire
Wands
 g - a wand of quicksilver (34)
 o - a wand of flame (17)
 z - a wand of charming (14)
 D - a wand of roots (9)
 F - a wand of mindburst (40)
Scrolls
 e - 2 scrolls of revelation
 f - 4 scrolls of vulnerability
 j - a scroll of immolation
 k - a scroll of fog
 m - a scroll of amnesia
 t - a scroll of summoning
 C - 2 scrolls of teleportation
Potions
 d - a potion of might
 h - 3 potions of haste
 l - a potion of ambrosia
 u - 3 potions of curing
 w - a potion of attraction
 x - 3 potions of brilliance
 G - a potion of lignification
 J - a potion of mutation {unknown}
 K - a potion of berserk rage {unknown}
 L - a potion of enlightenment {unknown}


   Skills:
 - Level 10.0 Fighting
 - Level 16.0 Axes
 - Level 10.0 Armour
 - Level 4.0 Shields
 + Level 8.1 Invocations


You had 10 spell levels left.
You didn't know any spells.
Your spell library contained the following spells:

 Spells                   Type           Power      Damage    Failure   Level
 Magic Dart               Conj           0%         1d3       100%        1
 Shock                    Conj/Air       0%         1d3       100%        1
 Searing Ray              Conj           0%         2d4       100%        2
 Call Canine Familiar     Summ           0%         N/A       100%        3
 Fulminant Prism          Conj/Alch      0%         3d5       100%        4
 Vhi's Electric Charge    Tloc/Air       0%         N/A       100%        4
 Arcjolt                  Conj/Air       0%         1d10      100%        5
 Plasma Beam              Fire/Air       0%         2x1d10    100%        6
 Summon Hydra             Summ           0%         N/A       100%        7
 Chain Lightning          Conj/Air       0%         N/A       100%        9


Dungeon Overview and Level Annotations

Branches:
Dungeon (10/15)            Temple (1/1) D:6             Orc (2/2) D:9
    Elf (0/3) Orc:2
   Lair: D:8-11

Altars:
Ashenzari
Cheibriados
Dithmenos
Elyvilon
Fedhas
Gozag
Hepliaklqana
Kikubaaqudgha
Makhleb
Nemelex Xobeh
Okawaru
Qazlal
Ru
Sif Muna
Trog
Uskayaw
Vehumet
Wu Jian
Xom
Yredelemnul
Zin
The Shining One

Shops:
D:1 [   D:6 (   D:7 *   D:9 [

Portals:
Abyss: D:7

Annotations:
D:7 2 transporters, bakla's ghost, novice VSBr
Orc:2 Jorgrun


Innate Abilities, Weirdness & Mutations

You have a pair of horns on your head.
You reflexively headbutt those who attack you in melee.


Message History

You slash Jorgrun!
Jorgrun is moderately wounded.
You hit the orc warrior but do no damage.
Jorgrun hits you with a +0 heavy quarterstaff!
The orc warrior hits you but does no damage.
You slash Jorgrun!
Jorgrun is heavily wounded.
You hit the orc warrior but do no damage.
The orc warrior hits you with a +0 dire flail!
You slash Jorgrun!
Jorgrun is heavily wounded.
You hit the orc warrior but do no damage.
Jorgrun hits you with a +0 heavy quarterstaff!
* * * LOW HITPOINT WARNING * * *
You closely miss Jorgrun.
Jorgrun is heavily wounded.
You hit the orc warrior. You block the orc warrior's attack.
You completely miss Jorgrun. Your headbutt misses Jorgrun.
Jorgrun is heavily wounded.
You hit the orc warrior.
Jorgrun hits you with a +0 heavy quarterstaff!
* * * LOW HITPOINT WARNING * * *
You block the orc warrior's attack.
You slash Jorgrun! Your headbutt misses Jorgrun.
Jorgrun is severely wounded.
You barely miss the orc warrior. You block the orc warrior's attack.
You slice Jorgrun!!
Jorgrun is almost dead.
You slash the orc warrior!
Jorgrun hits you with a +0 heavy quarterstaff.
* * * LOW HITPOINT WARNING * * *
You closely miss Jorgrun. Your headbutt misses Jorgrun.
Jorgrun is almost dead.
You hit the orc warrior.
The orc warrior hits you but does no damage.
You hit Jorgrun. You headbutt Jorgrun, but do no damage.
Jorgrun is almost dead.
You barely miss the orc warrior. You block the orc warrior's attack.
Jorgrun hits you with a +0 heavy quarterstaff!!
You die...

............#.......#.##......o..
................#.........###....
.................##.#.#..##*,....
.........................##,,....
............#.............#*,####
...........#.............##***
...............°○.[..#...##
...........^...#[[.####...#
.......#......°°@g.# ##.##
.####.###..###.#o.## ### ## ###
#### ######


You could see Jorgrun and an orc warrior.

Vanquished Creatures
  An ettin (Orc:1)
  Erolcha (D:10)
  Josephine (Orc:2)
  A centaur warrior (D:10)
  2 two-headed ogres
  An orc sorcerer (Orc:2)
  A deep elf pyromancer (D:10)
  An ugly thing (D:10)
  Joseph (D:8)
  11 yaks
  3 wraiths (Orc:1)
  4 wargs
  2 wyverns (D:9)
  3 vampire mosquitoes (D:9)
  A steam dragon (D:7)
  A water moccasin (D:7)
  An acid dragon (D:9)
  10 orc warriors
  A laughing skull (D:10)
  An ice beast (D:7)
  2 sky beasts
  2 centaurs (D:5)
  4 ogres
  2 phantoms
  4 kobold brigands
  3 bullfrogs
  A scorpion (D:5)
  A gnoll sergeant (D:10)
  6 killer bees (D:10)
  3 howler monkeys (D:9)
  A bombardier beetle (D:4)
  3 centaur zombies (D:6)
  4 crimson imps (D:6)
  3 bullfrog zombies (D:6)
  3 jellies
  4 hounds
  13 orc priests
  3 sleepcaps
  A gnoll bouda (D:6)
  Ijyb (D:3)
  An iguana (D:4)
  17 orc wizards
  A killer bee zombie (D:6)
  17 gnolls
  9 adders
  6 ufetubi
  2 ribbon worms (D:3)
  2 dart slugs
  52 orcs
  5 bats
  10 endoplasms
  5 giant cockroaches
  7 goblins
  4 hobgoblins
  3 jackals (D:3)
  2 quokkas
  2 ball pythons
  4 frilled lizards
  21 kobolds
  5 rats
287 creatures vanquished.

Vanquished Creatures (others)
  A jelly (D:7)
1 creature vanquished.

Grand Total: 288 creatures vanquished

Notes
Turn   | Place    | Note
-------+----------+-------------------------------------------
     0 | D:1      | DasBelly the Minotaur Fighter began the quest for the Orb.
     0 | D:1      | Reached XP level 1. HP: 19/19 MP: 0/0
    56 | D:1      | Found Lunymuakh's Armour Emporium.
    76 | D:1      | Reached XP level 2. HP: 20/27 MP: 1/1
   106 | D:1      | Found a faded altar of an unknown god.
   315 | D:1      | Reached skill level 3 in Axes
   372 | D:2      | Reached XP level 3. HP: 33/33 MP: 2/2
   494 | D:2      | Reached skill level 4 in Axes
   562 | D:2      | Reached XP level 4. HP: 40/40 MP: 3/3
  1222 | D:3      | Reached skill level 5 in Axes
  1350 | D:3      | Found an ornate altar of the Wu Jian Council.
  1351 | D:3      | Noticed Ijyb
  1368 | D:3      | Killed Ijyb
  1369 | D:3      | Reached XP level 5. HP: 17/46 MP: 4/4
  2019 | D:4      | Noticed a phantom
  2029 | D:4      | Killed a phantom
  2030 | D:4      | Reached skill level 6 in Axes
  2067 | D:4      | Reached skill level 7 in Axes
  2067 | D:4      | Reached XP level 6. HP: 49/52 MP: 5/5
  2204 | D:4      | Found a stormy altar of Qazlal.
  2204 | D:4      | Noticed a sky beast
  2228 | D:4      | Killed a sky beast
  2229 | D:4      | Reached skill level 8 in Axes
  2348 | D:4      | Became a worshipper of Qazlal Stormbringer
  2629 | D:4      | Reached XP level 7. HP: 58/59 MP: 6/6
  2771 | D:5      | Entered Level 5 of the Dungeon
  2784 | D:5      | Reached skill level 9 in Axes
  3109 | D:5      | Reached * piety under Qazlal
  3112 | D:5      | Reached skill level 10 in Axes
  3292 | D:5      | Reached XP level 8. HP: 60/67 MP: 7/7
  3353 | D:5      | Reached skill level 5 in Fighting
  3353 | D:5      | Reached skill level 5 in Armour
  3716 | D:6      | Reached skill level 11 in Axes
  3793 | D:6      | Found a staircase to the Ecumenical Temple.
  3806 | Temple   | Entered the Ecumenical Temple
  3841 | D:6      | Found a sacrificial altar of Ru.
  3848 | D:6      | Reached ** piety under Qazlal
  3866 | D:6      | You fall into a shaft and drop 1 floor!
  3988 | D:6      | Found a transporter.
  3988 | D:6      | Found Conol's Antique Weapon Shop.
  3990 | D:6      | Found a transporter.
  4095 | D:6      | Reached XP level 9. HP: 76/78 MP: 8/8
  4118 | D:6      | Found a shimmering altar of Xom.
  4127 | D:6      | Found a basalt altar of Yredelemnul.
  4588 | D:7      | Reached *** piety under Qazlal
  4650 | D:7      | Found Duedgh's Gadget Gallery.
  4725 | D:7      | Noticed a rakshasa
  4742 | D:7      | Noticed an ice devil
  4759 | D:7      | Found a one-way gate to the infinite horrors of the Abyss.
  4759 | D:7      | Noticed bakla's ghost (novice VSBr)
  4779 | D:7      | Found a transporter.
  4780 | D:7      | Found a transporter.
  4821 | D:7      | Reached skill level 12 in Axes
  4986 | D:7      | Found a burning altar of Makhleb.
  5085 | D:7      | Found a glowing silver altar of Zin.
  5485 | D:8      | Noticed Joseph
  5498 | D:8      | Killed Joseph
  5499 | D:8      | Reached skill level 13 in Axes
  5572 | D:8      | Noticed a two-headed ogre
  5584 | D:8      | Killed a two-headed ogre
  5585 | D:8      | Reached skill level 14 in Axes
  5585 | D:8      | Reached XP level 10. HP: 66/88 MP: 6/9
  5965 | D:9      | Reached skill level 15 in Axes
  5997 | D:9      | Got the Handbook of the Sky and the Comitatus
  6037 | D:9      | Found Susyir's Armour Boutique.
  6399 | D:9      | Found a blossoming altar of Fedhas.
  6439 | D:9      | Found a staircase to the Orcish Mines.
  6529 | D:10     | Entered Level 10 of the Dungeon
  6583 | D:10     | Reached skill level 16 in Axes
  6626 | D:10     | Noticed a two-headed ogre
  6632 | D:10     | Killed a two-headed ogre
  6704 | D:10     | Reached **** piety under Qazlal
  6715 | D:10     | Reached XP level 11. HP: 68/97 MP: 10/12
  6747 | D:10     | Found an opulent altar of Gozag.
  6788 | D:10     | Noticed a deep elf pyromancer
  6796 | D:10     | Killed a deep elf pyromancer
  6819 | D:10     | Noticed Erolcha
  6825 | D:10     | Killed Erolcha
  6879 | D:10     | Noticed a red ugly thing
  6890 | D:10     | Killed a red ugly thing
  6909 | D:10     | Noticed a centaur warrior
  6917 | D:10     | Killed a centaur warrior
  7122 | D:10     | Found a bloodstained altar of Trog.
  7286 | D:1      | Bought a +3 plate armour of poison resistance for 546 gold
                  | pieces
  7573 | Orc:1    | Entered Level 1 of the Orcish Mines
  7731 | Orc:2    | Entered Level 2 of the Orcish Mines
  7743 | Orc:2    | Noticed an ettin
  7745 | Orc:2    | Noticed Josephine
  7746 | Orc:2    | Reached skill level 10 in Fighting
  7746 | Orc:2    | Reached skill level 10 in Armour
  7754 | Orc:1    | Reached skill level 5 in Invocations
  7781 | Orc:2    | Noticed an orc sorcerer
  7808 | Orc:1    | Killed an ettin
  7900 | Orc:2    | Killed an orc sorcerer
  7918 | Orc:2    | Killed Josephine
  8058 | Orc:1    | Noticed Jorgrun
  8058 | Orc:1    | Noticed an orc sorcerer
  8143 | Orc:2    | Slain by Jorgrun

Illustrated notes

Levels and vault maps discovered:
D:1:      scummos_arrival_checkerplants, layout_basic, serial_shops,
          nicolae_shop_window_shopping, shapermc_ecumenical_altar_mp_ritualfount
D:2:      layout_loops_ring
D:3:      layout_loops_ring, lemuel_doored_altar, uniq_ijyb
D:4:      layout_layer_cave, nicolae_qazlal_beasts_of_the_sky
D:5:      layout_rooms
D:6:      layout_cave_pods, nicolae_yredelemnul_corpse_copse, led_xom_imps,
          hangedman_ru_absence, minmay_temple_entry_statues_pillars,
          serial_shops, nicolae_shop_drivethru, lemuel_flamethrower_2
D:7:      layout_loops_ring, mainiacjoe_overflow_alcove_2,
          makhleb_blood_cavern_becter, gammafunk_ghost_abyssal_escape,
          nicolae_shop_gadgets
D:8:      layout_loops_ring, uniq_joseph
D:9:      layout_loops_cross, fedhas_altar_4, serial_shops,
          nicolae_shop_tiny_statue_garden
D:10:     layout_loops_ring, nicolae_gozag_seed_capital, bloody_trog,
          kb_rosetta, uniq_erolcha
Temple:   nicolae_temple_godzebo
Orc:1:    layout_caves, led_sif_book, uniq_jorgrun
Orc:2:    grunt_orc_tribal_feast, layout_caves, nicolae_volcano_entry_hallway,
          uniq_urug, uniq_josephine

Skill      XL: |  1  2  3  4  5  6  7  8  9 10 11 |
---------------+----------------------------------+-----
Armour         | 4 6 8 10 | 10.0
Shields        | 4 |  4.0
Fighting       | 4 6 8 9 10 | 10.0
Axes           | 3 4 5 7 8 10 11 14 16 | 16.0
Invocations    | 3 8 |  8.1

Action                     |  1- 3 |  4- 6 |  7- 9 | 10-12 || total
---------------------------+-------+-------+-------+-------++-------
  Melee: War axe           |    62 |   121 |   294 |   254 ||   731
         Headbutt          |     9 |    19 |    54 |    55 ||   137
 Invoke: Upheaval          |       |       |     2 |     5 ||     7
    Use: Scroll            |       |       |    16 |     5 ||    21
         Potion            |       |       |       |     1 ||     1
 Armour: Scale mail        |    58 |    37 |       |       ||    95
         Chain mail        |       |    47 |   217 |   106 ||   370
         Plate armour      |       |       |       |   106 ||   106
  Dodge: Dodged            |    32 |    47 |   108 |    77 ||   264
         Repelled          |       |       |       |     2 ||     2
  Block: Buckler           |    13 |    23 |    91 |   106 ||   233

Table legend: (Time is in decaauts)
 A = Elapsed time spent in this place.
 B = Non-inter-level travel time spent in this place.
 C = Inter-level travel time spent in this place.
 D = Time resting spent in this place.
 E = Time spent auto-exploring this place.
 F = Levels seen in this place.
 G = Mean time per level.
                   A        B        C        D        E       F      G
               +--------+--------+--------+--------+--------+-----+--------+
         Total |   8137 |   7505 |    632 |    231 |   5686 |  13 |  625.9 |
       Dungeon |   7579 |   6959 |    620 |     80 |   5475 |  10 |  757.9 |
        Temple |      1 |      1 |      0 |      0 |      0 |   1 |    1.0 |
  Orcish Mines |    556 |    544 |     12 |    151 |    211 |   2 |  278.0 |
               +--------+--------+--------+--------+--------+-----+--------+

Top non-repeatable levels by time:
     D:4: 1063 daAuts
     D:3: 871 daAuts
     D:6: 867 daAuts
     D:5: 827 daAuts
     D:7: 756 daAuts
     D:8: 756 daAuts
     D:2: 680 daAuts
    D:10: 674 daAuts
     D:9: 640 daAuts
     D:1: 440 daAuts
   Orc:1: 307 daAuts
   Orc:2: 248 daAuts
  Temple: 1 daAuts
